Map: White Rabbit LE

Players

Zoun - Winner!

  • Race: Protoss Protoss
  • League: Master
  • Spawn Location: 7:00

ratgameplay (uThermal)

  • Race: Terran Terran
  • League: Master
  • Spawn Location: 1:00

VOD

Have the link to the VOD?

Description

Time

  • Played on: Jan. 30, 2026, 9:54 a.m.
  • Length: 12:48
Show
View Real Time Build Order
Export as new Build Order

Zoun Protoss - Winner!

Build Orders: 1 Gate Expand, Phoenix Opening, Blink Stalkers 

Get SALT Encoding   

  12  0:00  Probe  
  13  0:12  Probe  
  14  0:18  Pylon  
  14  0:23  Probe  
  15  0:32  Probe  
  15  0:38  Gateway  
  15  0:41  Probe  
  16  0:47  Assimilator  
  17  0:52  Probe  
  18  1:05  Probe  
  19  1:17  Probe  
  20  1:23  Nexus  
  20  1:34  Cybernetics Core  
  20  1:36  Probe  
  21  1:42  Assimilator  
  21  1:48  Probe  
  21  1:51  Pylon  
  22  1:58  Stalker  
  22  2:00  Probe  
  23  2:10  Warp Gate  
  23  2:12  Probe  
  26  2:18  Shield Battery  
  26  2:24  Probe  
  26  2:25  Phoenix  
  26  2:27  Sentry  
  29  2:32  Probe  
  29  2:33  Shield Battery  
  29  2:37  Probe  
  31  2:42  Probe  
  31  2:43  Twilight Council  
  31  2:49  Probe  
  32  2:52  Blink  
  32  2:53  Probe  
  32  2:55  Stalker  
  35  3:02  Probe  
  35  3:05  Probe  
  37  3:14  Probe  
  38  3:20  Probe  
  38  3:24  Gateway  
  38  3:26  Probe  
  40  3:34  Phoenix  
  40  3:35  Gateway  
  40  3:38  Probe  
  40  3:40  Pylon  
  41  3:45  Robotics Facility  
  41  3:49  Probe  
  42  3:56  Pylon  
  42  3:58  Stalker  
  42  4:02  Probe  
  45  4:03  Probe  
  45  4:06  Assimilator  
  46  4:14  Probe  
  47  4:18  Stalker  
  47  4:19  Shield Battery  
  47  4:21  Stalker  
  51  4:31  Immortal  
  51  4:35  Stalker  
  51  4:36  Pylon  
  51  4:44  Pylon  
  55  4:49  Pylon x2  
  55  5:03  Stalker x3  
  57  5:24  Nexus  
  57  5:32  Stalker x3  
  63  5:42  Pylon  
  63  6:00  Nexus, Observer  
  64  6:07  Probe  
  55  6:19  Probe  
  55  6:24  Stalker x2  
  60  6:29  Observer  
  60  6:30  Probe  
  62  6:35  Probe  
  62  6:37  Charge  
  62  6:38  Probe  
  63  6:41  Observer  
  63  6:43  Probe  
  63  6:46  Probe  
  65  6:52  Probe  
  66  6:54  Gateway  
  66  6:55  Gateway, Sentry, Pylon  
  66  6:58  Probe  
  70  7:04  Probe  
  70  7:06  Gateway  
  71  7:10  Probe  
  72  7:16  Robotics Bay, Probe  
  72  7:17  Probe  
  72  7:19  Observer  
  72  7:20  Probe  
  72  7:21  Immortal  
  79  7:24  Probe  
  79  7:25  Probe, Forge  
  79  7:28  Probe  
  81  7:30  Observer  
  81  7:35  Gateway, Probe x2  
  81  7:36  Gateway  
  82  7:43  Shield Battery  
  84  7:47  Pylon  
  84  7:48  Observer, Colossus  
  84  7:52  Protoss Ground Weapons Level 1, Pylon  
  84  8:04  Probe  
  91  8:09  Zealot x3  
  97  8:13  Pylon, Observer  
  97  8:15  Pylon x2  
  96  8:21  Observer  
  96  8:22  Extended Thermal Lance  
  96  8:24  Zealot x3  
  102  8:32  Colossus  
  102  8:36  Pylon  
  102  8:37  Nexus  
  102  8:38  Pylon  
  108  8:49  Zealot x3  
  108  8:50  Zealot  
  108  8:54  Zealot  
  116  9:00  Stalker x2  
  120  9:09  Zealot  
  122  9:12  Phoenix  
  122  9:20  Zealot x5  
  131  9:28  Warp Prism  
  135  9:35  Shield Battery  
  135  9:37  Photon Cannon  
  131  9:40  Zealot x5  
  131  9:42  Probe x2  
  139  9:51  Protoss Ground Weapons Level 2, Zealot x3  
  145  9:57  Probe x3  
  148  10:00  Probe  
  145  10:09  Probe x2  
  129  10:16  Zealot x8  
  129  10:18  Probe x2  
  145  10:25  Colossus  
  151  10:36  Stalker x3  
  151  10:39  Zealot  
  151  10:42  Zealot  
  143  10:56  Zealot x3  
  123  11:01  Zealot  
  123  11:02  Zealot x3  
  103  11:08  Colossus  
  97  11:14  Gateway  
  97  11:17  Gateway, Stalker x4  
  103  11:20  Probe x2  
  105  11:26  Zealot x4  
  109  11:40  Zealot x4  
  115  11:48  Stalker x4  
  115  11:50  Nexus  
  115  11:51  Pylon  
  119  12:02  Sentry x2  
  119  12:03  Zealot x2  
  125  12:09  Zealot  
  125  12:18  Zealot x5  
  139  12:29  Zealot x4  
  133  12:30  Zealot  
Show
View Real Time Build Order
Export as new Build Order

ratgameplay Terran 

Build Orders: Cyclone Opening 

Get SALT Encoding   

  12  0:00  SCV  
  13  0:12  SCV  
  14  0:17  Supply Depot  
  14  0:24  SCV  
  15  0:38  SCV  
  15  0:41  Barracks  
  16  0:44  Refinery  
  16  0:50  SCV  
  16  0:53  Refinery  
  17  1:02  SCV  
  18  1:14  SCV  
  19  1:28  Reaper, Orbital Command  
  19  1:31  Supply Depot  
  20  1:44  Factory  
  20  1:53  SCV  
  21  2:05  SCV  
  21  2:06  Barracks Reactor  
  22  2:22  Command Center  
  22  2:30  Starport  
  22  2:33  Factory Tech Lab  
  22  2:36  SCV  
  23  2:42  Marine  
  23  2:43  Marine  
  26  2:52  Supply Depot  
  26  2:57  Cyclone  
  28  3:01  Marine  
  28  3:04  Marine  
  30  3:10  SCV  
  31  3:21  Marine  
  31  3:22  Marine  
  33  3:29  Siege Tank  
  33  3:31  Medivac  
  38  3:38  Orbital Command  
  38  3:40  Marine  
  39  3:43  Marine  
  39  3:47  SCV  
  41  3:58  Marine  
  41  4:01  Marine, Siege Tank  
  46  4:06  SCV x2  
  48  4:16  Marine  
  49  4:19  Marine  
  49  4:20  Supply Depot  
  50  4:29  SCV  
  50  4:30  SCV  
  52  4:33  Marine  
  52  4:36  Marine  
  53  4:41  Siege Tank  
  56  4:51  Marine, Bunker  
  56  4:52  Bunker  
  57  4:54  Marine  
  57  4:56  Viking  
  57  4:57  SCV  
  57  4:58  Supply Depot  
  60  5:09  Marine  
  60  5:13  Barracks  
  60  5:15  Barracks  
  60  5:16  SCV  
  60  5:17  SCV  
  56  5:25  Siege Tank  
  52  5:30  Marine x2  
  53  5:38  Starport Tech Lab  
  53  5:39  SCV x2  
  55  5:48  Bunker, Marine  
  56  5:50  Marine  
  56  5:51  SCV  
  56  5:54  SCV  
  59  5:57  Raven  
  59  6:03  SCV  
  62  6:06  Marine x2, SCV  
  62  6:08  Barracks Tech Lab  
  65  6:13  Factory Reactor  
  60  6:20  SCV  
  60  6:24  SCV  
  60  6:27  Stimpack, Marauder, Marine  
  60  6:28  Marauder  
  60  6:32  SCV, Bunker  
  66  6:36  SCV  
  66  6:39  Refinery  
  60  6:40  Marine  
  60  6:41  Engineering Bay  
  60  6:43  Combat Shield  
  60  6:45  Marine, SCV  
  63  6:48  Marauder  
  63  6:51  SCV  
  63  6:52  Marine, Refinery  
  67  6:56  Supply Depot  
  67  6:57  SCV  
  67  6:58  Marine  
  69  7:03  Marine  
  69  7:07  Terran Infantry Weapons Level 1  
  70  7:18  Marine x2, SCV x2  
  70  7:21  Supply Depot, Medivac  
  70  7:22  Marine, Barracks  
  77  7:28  Supply Depot  
  77  7:30  SCV  
  77  7:36  Supply Depot  
  78  7:42  Marine, Medivac, SCV, Factory Reactor  
  78  7:43  Marauder, Marine  
  85  7:46  Supply Depot  
  85  7:47  SCV  
  85  7:50  Marauder  
  88  7:51  Supply Depot  
  88  7:53  Medivac  
  88  7:56  SCV  
  91  7:59  SCV  
  91  8:01  Marine  
  91  8:02  Engineering Bay  
  91  8:04  Concussive Shells  
  93  8:05  Marine  
  93  8:06  Marauder  
  93  8:12  Medivac  
  98  8:19  Marine, Marauder  
  101  8:24  Supply Depot  
  101  8:27  Armory  
  101  8:31  Marine x2  
  101  8:32  Marauder  
  101  8:34  Terran Infantry Armor Level 1, SCV  
  105  8:37  Marauder  
  105  8:40  Marine  
  109  8:51  Supply Depot  
  109  8:54  Marine, Marauder  
  112  9:00  Widow Mine, Command Center  
  112  9:02  Widow Mine  
  116  9:04  Marine  
  116  9:08  SCV  
  118  9:16  Terran Infantry Weapons Level 2  
  118  9:17  SCV  
  118  9:21  Marine, Marauder  
  118  9:22  Marine  
  118  9:23  Marauder  
  125  9:24  Widow Mine  
  125  9:26  SCV  
  125  9:29  Viking  
  126  9:34  Viking  
  126  9:36  Marine  
  126  9:37  SCV  
  127  9:44  Terran Ship Weapons Level 1, SCV  
  128  9:49  SCV, Marauder  
  128  9:50  Marine  
  132  9:57  SCV  
  133  10:00  Supply Depot, Marine  
  133  10:03  Supply Depot  
  133  10:06  Missile Turret, SCV  
  130  10:09  SCV  
  117  10:15  Marine x2, Marauder  
  117  10:18  SCV  
  122  10:23  Viking x2  
  122  10:28  SCV  
  127  10:35  Planetary Fortress  
  125  10:36  Marine x2  
  125  10:37  Marine  
  128  10:49  Marine  
  110  10:50  Marauder  
  110  10:54  Marine x2  
  110  10:56  Marauder  
  74  11:07  Medivac  
  74  11:08  Marauder, Medivac  
  74  11:11  Marine  
  73  11:12  Marine x2  
  73  11:15  SCV  
  73  11:17  Marauder  
  75  11:19  SCV  
  70  11:28  SCV  
  70  11:29  Marine, Marauder  
  70  11:30  Marine x2  
  70  11:31  SCV  
  77  11:36  Widow Mine x2  
  77  11:38  Medivac, Marine  
  83  11:40  SCV  
  83  11:41  Medivac  
  88  11:47  Marauder  
  88  11:50  SCV  
  88  11:51  Marine x2  
  88  11:52  SCV, Marauder, Sensor Tower  
  94  11:57  Widow Mine  
  94  11:59  Widow Mine  
  93  12:02  SCV  
  93  12:04  SCV, Marine  
  98  12:08  Marauder  
  98  12:10  Marine  
  98  12:11  Viking  
  98  12:13  Marauder  
  94  12:16  Viking  
  94  12:19  Marine  
  94  12:21  SCV  
  94  12:22  SCV, Marauder  
  98  12:27  Marine  
  98  12:29  Marine  
Tags
 
Add a new tag
Caveats
  • Supply blocks, unpowered buildings, or Contaminate may cause inaccurate times.
  • Supply counts are checked every 10 seconds.